 Dungeon Crawl Stone Soup version 0.31-a0-604-g8e0283293c (webtiles) character file.

Game seed: 17855129826169858912

1032 gruber the Summoner (level 8, -1/46 HPs)
             Began as a Tengu Summoner on Aug 21, 2023.
             Killed from afar by a steam dragon (17 damage)
             ... with a ball of steam
             ... on level 6 of the Dungeon.
             The game lasted 00:08:56 (4670 turns).

gruber the Summoner (Tengu Summoner)                Turns: 4670, Time: 00:08:57

Health: -1/46      AC:  4    Str:  8    XL:     8   Next: 23%
Magic:  3/13       EV: 15    Int: 19    God:
Gold:   334        SH:  0    Dex: 14    Spells: 7/13 levels left

rFire   . . .        v - +3 dagger (vamp)
rCold   . . .        (no shield)
rNeg    . . .        q - +0 leather armour
rPois   .            (helmet restricted)
rElec   .            (no cloak)
rCorr   .            i - +0 pair of gloves
SInv    .            (boots unavailable)
Will    .....        (no amulet)
Stlth   ++           (no ring)
HPRegen 0.27/turn    (no ring)
MPRegen 0.13/turn

%: no passive effects
@: flying quickly and evasively, quick
A: beak, talons 3, nimble flight
a: no special abilities


You were on level 6 of the Dungeon.
You visited 2 branches of the dungeon, and saw 7 of its levels.

You collected 334 gold pieces.

Inventory:

Hand Weapons
 n - a +3 war axe of electrocution
 v - a +3 vampiric dagger (weapon)
Missiles
 f - 20 poisoned darts
 A - 3 curare-tipped darts
Armour
 i - a +0 pair of gloves (worn)
 q - a +0 leather armour (worn)
Wands
 h - a wand of digging (4)
 p - a wand of light (3)
 u - a wand of mindburst (11)
 x - a wand of paralysis (10)
Scrolls
 a - a scroll of noise {unknown}
 e - 3 scrolls of identify {unknown}
 g - 2 scrolls of enchant armour {unknown}
 k - 4 scrolls of immolation {unknown}
 l - 2 scrolls of revelation {unknown}
 m - a scroll of torment {unknown}
 r - 2 scrolls of enchant weapon {unknown}
 w - a scroll of teleportation {unknown}
 y - 2 scrolls of poison {unknown}
 z - a scroll of vulnerability {unknown}
Potions
 b - a potion of magic
 c - 3 potions of curing {unknown}
 d - a potion of might {unknown}
 j - a potion of enlightenment {unknown}
 o - 2 potions of degeneration {unknown}
 s - a potion of cancellation {unknown}
 t - a potion of invisibility {unknown}


   Skills:
 - Level 3.4 Fighting
 - Level 4.0 Armour
 - Level 4.0 Dodging
 - Level 2.0 Stealth
 * Level 3.2 Spellcasting
 - Level 9.0 Summonings


You had 7 spell levels left.
You knew the following spells:

 Your Spells              Type           Power      Damage    Failure   Level
a - Summon Small Mammal   Summ           100%       N/A       1%          1
b - Call Imp              Summ           74%        N/A       1%          2
c - Call Canine Familiar  Summ           37%        N/A       1%          3

Your spell library contained the following spells:

 Spells                   Type           Power      Damage    Failure   Level
 Summon Guardian Golem    Hex/Summ       20%        N/A       10%         3
 Blink                    Tloc           6%         N/A       32%         2
 Lesser Beckoning         Tloc           6%         N/A       32%         2
 Momentum Strike          Conj/Tloc      6%         3d8       32%         2
 Summon Lightning Spire   Summ/Air       20%        N/A       32%         4


Dungeon Overview and Level Annotations

Branches:
Dungeon (6/15)             Temple (1/1) D:4

Altars:
Ashenzari
Dithmenos
Elyvilon
Fedhas
Gozag
Hepliaklqana
Kikubaaqudgha
Okawaru
Qazlal
Ru
Trog
Uskayaw
Vehumet
Wu Jian
Xom
Yredelemnul
Zin
The Shining One

Shops:
D:5 !


Innate Abilities, Weirdness & Mutations

You have a beak for a mouth.
You have claws for feet.
Your magical nature lets you fly swiftly and evasively.


Message History

Your hound barely misses the steam dragon.
The steam dragon closely misses your quokka. x2
Your rat bites the steam dragon but does no damage.
Your quokka bites the steam dragon.
Your hound closely misses the steam dragon.
Unknown command.
Unknown command.
The steam dragon bites your quokka.
Your quokka dies!
Your quokka's corpse disappears in a puff of smoke!
Your hound bites the steam dragon but does no damage.
Your rat completely misses the steam dragon.
Your cerulean imp hits the steam dragon but does no damage.
The stone hits your hound.
Unknown command.
Casting: Summon Small Mammal (safe; 1% risk of failure)
Confirm with . or Enter, or press ? or * to list all spells.
Your hound disappears in a puff of smoke!
Your cerulean imp hits the steam dragon but does no damage.
Unknown command.
Unknown command.
You swap places.
Your hound barely misses the steam dragon.
A kobold comes into view. It is wielding a +0 short sword.
The steam dragon breathes steam at you. The ball of steam hits your hound!
The ball of steam hits you!
The kobold moves out of view.
Casting: Call Canine Familiar (safe; 1% risk of failure)
Confirm with . or Enter, or press ? or * to list all spells.
Unknown command.
Unknown command.
The steam dragon bites your hound. The steam dragon claws your hound.
Your hound bites the steam dragon but does no damage.
Your hound barely misses the steam dragon.
The steam dragon breathes steam at you. The ball of steam hits your hound!
Your hound dies!
Your hound's corpse disappears in a puff of smoke!
The ball of steam hits you!
You die...

## .# .### ############ ...#
#....@§§§D.# ...#
#.....####.# ...######
#.....# #§#
........####.##### #h#
###.......##.########D#######
..+.......+..........r.......
###.......##.########5#######
# #.....####.# ######K##
######.....#.# #.....§.#


There were no monsters in sight!

Vanquished Creatures
  A bullfrog (D:6)
  A jelly (D:5)
  A hound (D:4)
  An orc priest (D:3)
  An iguana (D:4)
  Ijyb (D:5)
  2 adders (D:3)
  A shadow imp (D:4)
  A dart slug (D:4)
  3 orcs
  A bat (D:2)
  6 endoplasms
  A giant cockroach (D:2)
  A goblin (D:3)
  2 hobgoblins
  9 kobolds
  5 quokkas
  6 ball pythons
  2 frilled lizards
  2 rats
48 creatures vanquished.

Vanquished Creatures (collateral kills)
  Sigmund (D:5)
  Duvessa (D:5)
  A centaur (D:6)
  2 scorpions
  Dowan (D:5)
  A hound (D:5)
  A jelly (D:5)
  An iguana (D:4)
  Natasha (thrice) (D:4)
  4 adders
  An ufetubus (D:4)
  A worm (D:2)
  A dart slug (D:4)
  2 orcs (D:3)
  4 endoplasms
  2 giant cockroaches (D:1)
  3 goblins
  2 hobgoblins
  3 kobolds
  A quokka (D:3)
  3 ball pythons
  2 frilled lizards (D:1)
  2 rats
43 creatures vanquished.

Grand Total: 91 creatures vanquished

Notes
Turn   | Place    | Note
-------+----------+-------------------------------------------
     0 | D:1      | gruber the Tengu Summoner began the quest for the Orb.
     0 | D:1      | Reached XP level 1. HP: 10/10 MP: 4/4
    27 | D:1      | Reached skill level 5 in Summonings
   200 | D:1      | Reached XP level 2. HP: 13/15 MP: 3/6
   390 | D:1      | Learned a level 2 spell: Call Imp
   649 | D:1      | Reached XP level 3. HP: 19/19 MP: 4/7
   686 | D:1      | Reached skill level 6 in Summonings
  1580 | D:3      | Reached XP level 4. HP: 24/24 MP: 1/8
  1680 | D:3      | Reached skill level 7 in Summonings
  1858 | D:3      | Gained mutation: Your magical nature lets you fly swiftly
                  | and evasively. [Tengu growth]
  1858 | D:3      | Reached XP level 5. HP: 28/28 MP: 6/9
  1863 | D:3      | Learned a level 3 spell: Call Canine Familiar
  2275 | D:4      | Reached skill level 8 in Summonings
  2412 | D:4      | Noticed Natasha
  2428 | D:4      | Killed Natasha
  2429 | D:4      | Reached XP level 6. HP: 32/32 MP: 5/10
  2562 | D:4      | Found a staircase to the Ecumenical Temple.
  2655 | D:4      | Reached skill level 9 in Summonings
  2726 | Temple   | Entered the Ecumenical Temple
  2773 | D:4      | Noticed Natasha
  2780 | D:4      | Killed Natasha
  2824 | D:4      | Noticed Natasha
  2828 | D:4      | Killed Natasha
  2829 | D:4      | Reached skill level 1 in Armour
  3198 | D:5      | Entered Level 5 of the Dungeon
  3198 | D:5      | Noticed Ijyb
  3205 | D:5      | Killed Ijyb
  3239 | D:5      | Found a stormy altar of Qazlal.
  3258 | D:5      | Noticed Duvessa
  3259 | D:5      | Noticed Dowan
  3279 | D:5      | Killed Duvessa
  3280 | D:5      | Reached XP level 7. HP: 33/36 MP: 3/11
  3282 | D:5      | Killed Dowan
  3896 | D:5      | Found Qija's Distillery.
  4052 | D:5      | Noticed Sigmund
  4088 | D:5      | Killed Sigmund
  4239 | D:6      | Reached XP level 8. HP: 46/46 MP: 4/12
  4670 | D:6      | Killed from afar by a steam dragon

Illustrated notes

Levels and vault maps discovered:
D:1:      mainiacjoe_arrival_reflecting_pool, layout_basic
D:2:      layout_rooms
D:3:      layout_rooms
D:4:      layout_rooms, minmay_temple_entry_antechambers, nicolae_hexahallways,
          uniq_natasha
D:5:      layout_loops_cross, amcnicky_altar_gilded, serial_shops,
          nicolae_shop_tiny_statue_garden, eino_small_chamber_without_monster,
          lemuel_flamethrower_2, uniq_duvessa, uniq_sigmund, uniq_ijyb
D:6:      layout_basic, slow_altar_2, uniq_eustachio
Temple:   minmay_temple_bridge_d

Skill      XL: |  1  2  3  4  5  6  7  8 |
---------------+-------------------------+-----
Summonings     | 5 6 7 8 9 |  9.0
Armour         | 3 4 |  4.0
Dodging        | 3 4 |  4.0
Fighting       | 3 |  3.4
Spellcasting   | 3 |  3.2
Stealth        | |  2.0

Action                     |  1- 3 |  4- 6 |  7- 9 || total
---------------------------+-------+-------+-------++-------
  Melee: Short sword       |    37 |       |       ||    37
         Unarmed           |     7 |       |       ||     7
         Kick              |    15 |    14 |    10 ||    39
         Peck              |     7 |     9 |     4 ||    20
         Punch             |     1 |       |     1 ||     2
         Dagger            |    19 |     1 |    18 ||    38
         War axe           |       |    67 |       ||    67
   Cast: Summon Small Mamm |    48 |    11 |     5 ||    64
         Call Imp          |     8 |    15 |     7 ||    30
         Call Canine Famil |       |    10 |    16 ||    26
   Stab: Sleeping          |     1 |     1 |     1 ||     3
 Armour: Robe              |    19 |     8 |       ||    27
         Leather armour    |       |    11 |     8 ||    19
  Dodge: Dodged            |    42 |    52 |    21 ||   115

Table legend: (Time is in decaauts)
 A = Elapsed time spent in this place.
 B = Non-inter-level travel time spent in this place.
 C = Inter-level travel time spent in this place.
 D = Time resting spent in this place.
 E = Time spent auto-exploring this place.
 F = Levels seen in this place.
 G = Mean time per level.
                   A        B        C        D        E       F      G
               +--------+--------+--------+--------+--------+-----+--------+
         Total |   4535 |   4344 |    191 |      0 |   3452 |   7 |  647.9 |
       Dungeon |   4533 |   4343 |    190 |      0 |   3452 |   6 |  755.5 |
        Temple |      1 |      0 |      1 |      0 |      0 |   1 |    1.0 |
               +--------+--------+--------+--------+--------+-----+--------+

Top non-repeatable levels by time:
     D:5: 961 daAuts
     D:4: 928 daAuts
     D:1: 868 daAuts
     D:3: 824 daAuts
     D:2: 523 daAuts
     D:6: 427 daAuts
  Temple: 1 daAuts
